 Dungeon Crawl Stone Soup version 0.28-b1-1-g3c77fb2ed1 (webtiles) character file.

Game seed: 3633785296823152279

229 pkoi the Shooter (level 5, -4/42 HPs)
             Began as a Minotaur Hunter on Jan 31, 2022.
             Splashed by a jelly's acid (5 damage)
             ... on level 4 of the Dungeon.
             The game lasted 00:02:53 (3052 turns).

pkoi the Shooter (Minotaur Hunter)                  Turns: 3052, Time: 00:02:54

Health: -4/42      AC: -5    Str: 18    XL:     5   Next: 71%
Magic:  4/4        EV: 11    Int:  8    God:
Gold:   93         SH:  0    Dex: 11    Spells: 4/4 levels left

rFire   . . .      SeeInvis .   p - +1 dagger (holy)
rCold   . . .      Faith    .   (no shield)
rNeg    . . .      Spirit   .   c - +0 leather armour
rPois   .          Reflect  .   (helmet restricted)
rElec   .          Harm     .   (no cloak)
rCorr   .          Rampage  .   (no gloves)
Will    .....                   (no boots)
Stlth   +.........              (no amulet)
HPRegen 0.14/turn               (no ring)
MPRegen 0.09/turn               (no ring)

@: corroded
A: horns 2, retaliatory headbutt
a: no special abilities


You were on level 4 of the Dungeon.
You visited 1 branch of the dungeon, and saw 4 of its levels.

You collected 93 gold pieces.

Inventory:

Hand Weapons
 a - a +1 shortbow
 b - a +0 short sword
 e - a +0 dagger
 p - a +1 dagger of holy wrath (weapon)
Missiles
 d - 22 arrows
Armour
 c - a +0 leather armour (worn)
Scrolls
 h - 4 scrolls of teleportation {unknown}
 j - a scroll of vulnerability {unknown}
 k - 3 scrolls of identify {unknown}
Potions
 f - 2 potions of haste {unknown}
 g - a potion of brilliance {unknown}
 i - 2 potions of heal wounds {unknown}
 l - a potion of curing {unknown}
 m - a potion of lignification {unknown}
 n - 2 potions of degeneration {unknown}
 o - a potion of magic {unknown}


   Skills:
 - Level 2.4 Fighting
 + Level 7.7 Bows
 - Level 2.1 Dodging
 - Level 0.7 Stealth


You had 4 spell levels left.
You didn't know any spells.
Your spell library was empty.

Dungeon Overview and Level Annotations

Branches:
Dungeon (4/15)
 Temple: D:4-7

Altars:
Xom

Annotations:
D:2 1 runed translucent door, Crazy Yiuf
D:3 2 runed translucent doors


Innate Abilities, Weirdness & Mutations

You have a pair of horns on your head.
You reflexively headbutt those who attack you in melee.


Message History

Found a coppery potion and 8 gold pieces.
A jelly is nearby!
A jelly is nearby!
A jelly is nearby!
Found a quarterstaff.
A worm comes into view.
A giant cockroach comes into view.
The helpless jelly fails to defend itself.
You hit the jelly. The acid corrodes you!
Your hands burn!
The jelly is moderately wounded.
The jelly barely misses you.
You hit the jelly.
Your hands burn!
The jelly is moderately wounded.
The jelly hits you. The acid corrodes you!
You are splashed with acid!
You hit the jelly.
Your hands burn!
The jelly is heavily wounded.
The jelly hits you. The acid corrodes you!
You are splashed with acid!
You are too injured to fight recklessly!
You are too injured to fight recklessly!
You are too injured to fight recklessly!
You are too injured to fight recklessly!
You are too injured to fight recklessly!
You are too injured to fight recklessly!
You are too injured to fight recklessly!
You are too injured to fight recklessly!
You are too injured to fight recklessly!
You are too injured to fight recklessly!
You are too injured to fight recklessly!
You are too injured to fight recklessly!
You hit the jelly.
Your hands burn!
* * * LOW HITPOINT WARNING * * *
You headbutt the jelly, but do no damage.
The jelly is heavily wounded.
A wyvern zombie comes into view.
The jelly hits you.
* * * LOW HITPOINT WARNING * * *
You are splashed with acid!
* * * LOW HITPOINT WARNING * * *
You hit the jelly but do no damage.
Your hands burn!
You die...

#.###..###..#.)#
#. #.......#..#
#.###...###.#..#
#.......# #)#..#
#..#....###.#..#
#...........#..#
#..#......###..#
#.....###.#
#.@.........
##JB..###.###
#)#.## #.#.#
#.... ...w.Z .##
### .


You could see a jelly, a wyvern zombie and a giant cockroach.

Vanquished Creatures
  A scorpion (D:4)
  Natasha (twice) (D:2)
  A hound skeleton (D:2)
  5 adders
  A worm (D:2)
  2 dart slugs
  6 endoplasms
  4 giant cockroaches
  9 goblins
  4 hobgoblins
  3 quokkas
  4 ball pythons
  3 bats
  3 frilled lizards (D:1)
  3 kobolds
  4 rats
55 creatures vanquished.

Vanquished Creatures (others)
  2 fungi (D:2)
2 creatures vanquished.

Grand Total: 57 creatures vanquished

Notes
Turn   | Place    | Note
-------+----------+-------------------------------------------
     0 | D:1      | pkoi the Minotaur Hunter began the quest for the Orb.
     0 | D:1      | Reached XP level 1. HP: 18/18 MP: 0/0
   229 | D:1      | Reached XP level 2. HP: 25/25 MP: 1/1
   236 | D:1      | Reached skill level 5 in Bows
   805 | D:2      | Reached XP level 3. HP: 24/30 MP: 2/2
   988 | D:2      | Reached skill level 6 in Bows
  1138 | D:2      | Found a faded altar of an unknown god.
  1139 | D:2      | Noticed Natasha
  1143 | D:2      | Killed Natasha
  1144 | D:2      | Reached XP level 4. HP: 28/37 MP: 3/3
  1691 | D:2      | Noticed Natasha
  1697 | D:2      | Killed Natasha
  1698 | D:2      | Reached skill level 7 in Bows
  1698 | D:2      | Reached XP level 5. HP: 42/42 MP: 4/4
  1753 | D:2      | Found a runed translucent door.
  1754 | D:2      | Noticed Crazy Yiuf
  2355 | D:3      | Found a large runed translucent door.
  2355 | D:3      | Found a large runed translucent door.
  2672 | D:3      | Found a shimmering altar of Xom.
  3051 | D:4      | HP: 1/42 [acid (9)]
  3052 | D:4      | Splashed by a jelly's acid

Illustrated notes

Levels and vault maps discovered:
D:1:      minmay_arrival_shattered_statue, layout_loops_cross, serial_aquarium,
          aquarium_bridge_square [aquarium_subvault_bridge,
          aquarium_subvault_window, aquarium_subvault_bridge,
          aquarium_subvault_bridge], aquarium_window_2, aquarium_window_1,
          aquarium_view_2d, aquarium_view_2d, aquarium_balcony_1b
D:2:      layout_loops_ring, ebering_ecumenical_altar_box, uniq_natasha,
          uniq_crazy_yiuf_cottage
D:3:      due_chaos_kobolds, layout_basic
D:4:      wander_river, layout_loops_ring, biasface_ghost_orc_armoury,
          minmay_hedge_maze, hangedman_decor_opposing, uniq_blork_the_orc

Skill      XL: |  1  2  3  4 |
---------------+-------------+-----
Bows           | 5 6 7 |  7.7
Fighting       | |  2.4
Dodging        | |  2.1
Stealth        | |  0.7

Action                   |  1- 3 |  4- 6 || total
-------------------------+-------+-------++-------
Melee: Dagger            |       |    16 ||    16
       Short sword       |       |     4 ||     4
       Headbutt          |       |     4 ||     4
 Fire: Shortbow          |    87 |    53 ||   140
 Stab: Sleeping          |       |     1 ||     1
Armor: Leather armour    |     6 |     5 ||    11
Dodge: Dodged            |    12 |    21 ||    33
